Blues vs Rangers
Created - March 27, 2022 at 22:13
Goals
|
| Blues |
2 |
1 |
1 |
4 |
| Rangers |
0 |
1 |
1 |
2 |
|
Shots
|
| Blues |
8 |
10 |
10 |
28 |
| Rangers |
14 |
9 |
4 |
27 |
|
1st period
1. Blues , Tyler Johnson 19 (Riley Sheahan 22, Ryan Murray 15) at 4:39 (SH)
2. Blues , Filip Forsberg 15 (Alex Pietrangelo 45, Nicklas Backstrom 31) at 14:58 (PP)
Penalties :
Drew Shore (Stl) for Hooking (Minor) at 2:56, Matt Delahey (NyR) for Holding (Minor) at 14:30, Tyler Johnson (Stl) for Hooking (Minor) at 16:59
2nd period
3. Rangers , Devante Smith-Pelly 6 (Patrice Bergeron 24, Chris Bourque 26) at 10:37
4. Blues , Tyler Johnson 20 (Cody Ceci 10, Jacob Slavin 11) at 15:44
Penalties :
Dmitry Kulikov (NyR) for Hooking (Minor) at 12:21
3rd period
5. Blues , Riley Sheahan 20 (Devin Shore 16) at 1:07
6. Rangers , Richard Panik 10 (Magnus Paajarvi 8, Artem Anisimov 8) at 14:16
Penalties :
Luke Schenn (NyR) for High sticking (Double Minor) at 5:07, T.J Galiardi (NyR) for Hooking (Minor) at 16:15, Linus Omark (Stl) for Cross-checking (Minor) at 18:32
Goalie Stats
Carey Price (Stl), 25 saves from 27 shots - (0.926), W, 22-13-3, 60:00 minutes
Harru Sateri (NyR), 24 saves from 28 shots - (0.857), L, 3-6-1, 60:00 minutes
Players Stats for Blues
Player Name G A P +/- PIM S H SB GA TA FO MP PP MP PK MP
------------------------------------------------------------------------------------
Alex Pietrangelo 0 1 1 0 0 6 1 0 2 0 0/0 24:44 4:47 0:04
Anthony Mantha 0 0 0 0 0 1 0 0 0 0 0/0 10:45 0:38 0:00
Auston Matthews 0 0 0 0 0 0 0 0 0 0 2/7 10:07 0:00 0:00
Brandon Montour 0 0 0 -1 0 0 1 0 0 0 0/0 14:24 3:38 0:00
Cody Ceci 0 1 1 3 0 0 1 0 0 2 0/0 19:47 0:00 3:20
David Perron 0 0 0 0 0 4 2 1 0 0 0/0 17:36 3:22 1:14
Devin Shore 0 1 1 0 0 1 1 1 0 0 4/10 17:45 3:13 0:46
Drew Shore 0 0 0 -1 2 1 1 0 0 0 2/3 9:02 0:00 1:50
Filip Forsberg 1 0 1 1 0 1 2 1 0 0 2/3 20:36 4:34 0:12
Jacob Slavin 0 1 1 1 0 0 1 1 0 1 0/0 22:03 4:57 2:05
Ladislav Smid 0 0 0 -1 0 0 0 0 0 0 0/0 13:05 0:00 2:05
Linus Omark 0 0 0 0 2 2 2 0 0 0 1/1 10:35 0:29 0:00
Nicklas Backstrom 0 1 1 1 0 1 1 0 0 0 17/31 19:45 4:41 0:00
Patrick Kaleta 0 0 0 -1 0 0 0 0 0 0 0/0 8:35 0:19 1:09
Riley Sheahan 1 1 2 0 0 3 2 0 0 0 0/1 17:31 3:22 1:09
Ryan Murray 0 1 1 0 0 3 1 1 0 1 0/0 25:57 3:28 3:16
Samuel Morin 0 0 0 0 0 0 0 0 1 0 0/4 9:26 0:00 2:13
Tyler Johnson 2 0 2 2 2 5 0 0 1 0 0/2 22:49 4:37 2:17
Players Stats for Rangers
Player Name G A P +/- PIM S H SB GA TA FO MP PP MP PK MP
------------------------------------------------------------------------------------
Artem Anisimov 0 1 1 1 0 1 0 0 0 0 1/2 9:07 0:00 1:41
Brett Ponich 0 0 0 -1 0 0 3 0 0 0 0/0 11:35 0:00 1:21
Chris Bourque 0 1 1 0 0 4 2 0 0 0 0/0 17:15 2:29 1:41
Devante Smith-Pelly 1 0 1 0 0 1 3 1 1 1 0/0 15:14 2:02 0:00
Dmitry Kulikov 0 0 0 0 2 0 2 1 0 0 0/0 23:22 2:02 4:06
Jonas Brodin 0 0 0 0 0 0 1 1 0 0 0/0 16:49 0:00 2:54
Luke Schenn 0 0 0 0 4 1 3 1 0 1 0/0 27:57 3:23 3:17
Magnus Paajarvi 0 1 1 1 0 0 0 0 0 0 0/0 7:07 0:00 0:00
Matt Delahey 0 0 0 0 2 0 1 0 0 0 0/0 17:18 0:00 2:36
Milan Lucic 0 0 0 -2 0 3 3 1 0 1 5/11 23:10 2:48 4:53
Patrice Bergeron 0 1 1 0 0 3 1 2 1 0 9/19 17:45 2:29 1:51
Patrik Nemeth 0 0 0 0 0 0 1 0 0 0 0/0 17:19 0:00 2:36
Richard Panik 1 0 1 0 0 1 0 0 0 0 0/0 11:08 3:23 0:00
Ryan Strome 0 0 0 -2 0 3 1 0 0 0 0/0 17:54 2:56 0:00
Sean Couturier 0 0 0 -2 0 3 1 1 1 0 18/27 23:15 2:53 4:53
Steve Quailer 0 0 0 0 0 2 1 0 0 0 0/0 10:09 0:00 0:00
T.J Galiardi 0 0 0 0 2 3 2 0 1 1 0/0 10:37 0:11 0:00
Tomas Hertl 0 0 0 0 0 2 0 0 0 0 1/3 14:30 2:29 1:51
3 Stars
1 - Tyler Johnson (Stl)
2 - Riley Sheahan (Stl)
3 - Filip Forsberg (Stl)
Power Play
Blues - 1 on 5 Attempt(s) - 20.00%
Rangers - 0 on 3 Attempt(s) - 0.00%
Penalty Kill
Blues - 3 on 3 Attempt(s) - 100.00%
- Score 1 goal in Penalty Kill
Rangers - 4 on 5 Attempt(s) - 80.00%
- Score 0 goal in Penalty Kill
Team Stat
Blues - Hits : 16 - Faceoff Wins : 28 - Blocked Shots : 5 - Penalty Minutes : 6
Rangers - Hits : 25 - Faceoff Wins : 34 - Blocked Shots : 8 - Penalty Minutes : 10
Official
Referees : Gord Dwyer and Chris Rooney
Linesman : Tony Sericolo and Kiel Murchison
Game Notes
No Game Note
Finance
Level 1 -- Attendance: 6000 (100.00%) -- Ticket Income $600,000
Level 2 -- Attendance: 4957 (99.14%) -- Ticket Income $297,420
Level 3 -- Attendance: 1979 (98.95%) -- Ticket Income $69,265
Level 4 -- Attendance: 3911 (97.78%) -- Ticket Income $97,775
Luxury Box -- Attendance: 963 (96.30%) -- Ticket Income $192,600
Game was played at the Madison Square Garden.
Total Attendance: 17810 (98.94%)
Total Ticket Income: $1,257,060
Other Income: $188,559
Total Income: $1,445,619
Blues
5 vs 5 Forward
Center Left Wing Right Wing Time % Phy DF OF
1 Nicklas Backstrom Filip Forsberg Tyler Johnson 40 1 2 2
2 Devin Shore David Perron Riley Sheahan 30 1 2 2
3 Auston Matthews Linus Omark Anthony Mantha 20 1 2 2
4 Drew Shore Samuel Morin Patrick Kaleta 10 1 2 2
5 vs 5 Defense
Defense Defense Time % Phy DF OF
1 Alex Pietrangelo Ryan Murray 40 1 2 2
2 Jacob Slavin Cody Ceci 30 1 2 2
3 Brandon Montour Ladislav Smid 20 1 2 2
4 Ryan Murray Alex Pietrangelo 10 1 2 2
PowerPlay Forward
Center Left Wing Right Wing Time % Phy DF OF
1 Nicklas Backstrom Filip Forsberg Tyler Johnson 60 1 2 2
2 Devin Shore David Perron Riley Sheahan 40 1 2 2
PowerPlay Defense
Defense Defense Time % Phy DF OF
1 Alex Pietrangelo Jacob Slavin 60 1 2 2
2 Brandon Montour Ryan Murray 40 1 2 2
Penalty Kill 4 Players Forward
Center Wing Time % Phy DF OF
1 Drew Shore Tyler Johnson 60 1 2 2
2 Riley Sheahan Patrick Kaleta 40 1 2 2
Penalty Kill 4 Players Defense
Defense Defense Time % Phy DF OF
1 Cody Ceci Ryan Murray 60 1 2 2
2 Ladislav Smid Jacob Slavin 40 1 2 2
Penalty Kill - 3 Players Forward
Forward Time % Phy DF OF
1 Riley Sheahan 60 1 2 2
2 Drew Shore 40 1 2 2
Penalty Kill - 3 Players Defense
Defense Defense Time % Phy DF OF
1 Cody Ceci Ladislav Smid 60 1 2 2
2 Ryan Murray Jacob Slavin 40 1 2 2
4 vs 4 Forward
Center Wing Time % Phy DF OF
1 Nicklas Backstrom Filip Forsberg 60 1 2 2
2 Drew Shore Tyler Johnson 40 1 2 2
4 vs 4 Defense
Defense Defense Time % Phy DF OF
1 Alex Pietrangelo Cody Ceci 60 1 2 2
2 Brandon Montour Ryan Murray 40 1 2 2
Last Minutes Offensive
Center Left Wing Right Wing Defense Defense
Nicklas Backstrom Filip Forsberg Tyler Johnson Alex Pietrangelo Jacob Slavin
Last Minutes Defensive
Center Left Wing Right Wing Defense Defense
Drew Shore David Perron Tyler Johnson Cody Ceci Ladislav Smid
Goaltenders
Starting : Carey Price
Backup : Joonas Korpisalo
Extra Forwards
Normal : Anthony Mantha, Auston Matthews, Samuel Morin - PP : Anthony Mantha, Devin Shore - PK : Samuel Morin
Extra Defensemen
Normal : Jacob Slavin, Brandon Montour, Ladislav Smid - PP : Brandon Montour - PK : Alex Pietrangelo, Brandon Montour
Penalty Shots
David Perron, Auston Matthews, Devin Shore, Filip Forsberg, Tyler Johnson
Scratches
Eric Nystrom (Healthy), Martin Marincin (Healthy), Peter Regin (Healthy)
Rangers
5 vs 5 Forward
Center Left Wing Right Wing Time % Phy DF OF
1 Sean Couturier Milan Lucic Ryan Strome 40 1 2 2
2 Patrice Bergeron Chris Bourque Devante Smith-Pelly 30 1 2 2
3 Tomas Hertl T.J Galiardi Steve Quailer 20 1 2 2
4 Artem Anisimov Magnus Paajarvi Richard Panik 10 1 2 2
5 vs 5 Defense
Defense Defense Time % Phy DF OF
1 Luke Schenn Dmitry Kulikov 40 1 2 2
2 Patrik Nemeth Matt Delahey 30 1 2 2
3 Brett Ponich Jonas Brodin 20 1 2 2
4 Luke Schenn Jonas Brodin 10 1 2 2
PowerPlay Forward
Center Left Wing Right Wing Time % Phy DF OF
1 Sean Couturier Milan Lucic Ryan Strome 60 1 2 2
2 Patrice Bergeron Chris Bourque Tomas Hertl 40 1 2 2
PowerPlay Defense
Defense Defense Time % Phy DF OF
1 Luke Schenn Richard Panik 60 1 2 2
2 Dmitry Kulikov Devante Smith-Pelly 40 1 2 2
Penalty Kill 4 Players Forward
Center Wing Time % Phy DF OF
1 Milan Lucic Sean Couturier 60 1 2 2
2 Patrice Bergeron Tomas Hertl 40 1 2 2
Penalty Kill 4 Players Defense
Defense Defense Time % Phy DF OF
1 Luke Schenn Dmitry Kulikov 60 1 2 2
2 Patrik Nemeth Matt Delahey 40 1 2 2
Penalty Kill - 3 Players Forward
Forward Time % Phy DF OF
1 Milan Lucic 60 1 2 2
2 Sean Couturier 40 1 2 2
Penalty Kill - 3 Players Defense
Defense Defense Time % Phy DF OF
1 Luke Schenn Dmitry Kulikov 60 1 2 2
2 Patrik Nemeth Matt Delahey 40 1 2 2
4 vs 4 Forward
Center Wing Time % Phy DF OF
1 Milan Lucic Sean Couturier 60 1 2 2
2 Patrice Bergeron Tomas Hertl 40 1 2 2
4 vs 4 Defense
Defense Defense Time % Phy DF OF
1 Luke Schenn Dmitry Kulikov 60 1 2 2
2 Patrik Nemeth Matt Delahey 40 1 2 2
Last Minutes Offensive
Center Left Wing Right Wing Defense Defense
Sean Couturier Milan Lucic Ryan Strome Luke Schenn Dmitry Kulikov
Last Minutes Defensive
Center Left Wing Right Wing Defense Defense
Sean Couturier Milan Lucic Ryan Strome Luke Schenn Dmitry Kulikov
Goaltenders
Starting : Harru Sateri
Backup : Frederik Andersen
Extra Forwards
Normal : Richard Panik, T.J Galiardi, Artem Anisimov - PP : Richard Panik, T.J Galiardi - PK : Artem Anisimov
Extra Defensemen
Normal : Brett Ponich, Dmitry Kulikov, Jonas Brodin - PP : Brett Ponich - PK : Dmitry Kulikov, Jonas Brodin
Penalty Shots
Milan Lucic, Sean Couturier, Patrice Bergeron, Tomas Hertl, Ryan Strome
Scratches
Morgan Ellis (Healthy)
% Time on Ice - Blues
Lines # - Real PCT - Wanted PCT - Time Play
Normal Forward
1 - 35% - 40% - 15:56
2 - 28% - 30% - 13:00
3 - 22% - 20% - 10:07
4 - 15% - 10% - 7:07
Normal Defense
1 - 41% - 40% - 18:57
2 - 33% - 30% - 15:02
3 - 23% - 20% - 10:35
4 - 3% - 10% - 1:36
PP Forward
1 - 60% - 60% - 5:03
2 - 40% - 40% - 3:22
PP Defense
1 - 59% - 60% - 4:57
2 - 41% - 40% - 3:28
PK Forward
1 - 79% - 60% - 4:16
2 - 21% - 40% - 1:09
PK Defense
1 - 62% - 60% - 3:20
2 - 38% - 40% - 2:05
PK3 Forward
1 - 0% - 60%
2 - 0% - 40%
PK3 Defense
1 - 0% - 60%
2 - 0% - 40%
44 Forward
1 - 0% - 60%
2 - 0% - 40%
44 Defense
1 - 0% - 60%
2 - 0% - 40%
Last Minute Offensive - 0:00
Last Minute Defensive - 0:00
Total
Forward - 60:00
Defense - 60:00
|
% Time on Ice - Rangers
Lines # - Real PCT - Wanted PCT - Time Play
Normal Forward
1 - 34% - 40% - 15:29
2 - 29% - 30% - 13:25
3 - 22% - 20% - 10:09
4 - 15% - 10% - 7:07
Normal Defense
1 - 39% - 40% - 18:10
2 - 32% - 30% - 14:43
3 - 22% - 20% - 10:03
4 - 7% - 10% - 3:14
PP Forward
1 - 54% - 60% - 2:56
2 - 46% - 40% - 2:29
PP Defense
1 - 62% - 60% - 3:23
2 - 38% - 40% - 2:02
PK Forward
1 - 78% - 60% - 6:34
2 - 22% - 40% - 1:51
PK Defense
1 - 69% - 60% - 5:49
2 - 31% - 40% - 2:36
PK3 Forward
1 - 0% - 60%
2 - 0% - 40%
PK3 Defense
1 - 0% - 60%
2 - 0% - 40%
44 Forward
1 - 0% - 60%
2 - 0% - 40%
44 Defense
1 - 0% - 60%
2 - 0% - 40%
Last Minute Offensive - 0:00
Last Minute Defensive - 0:00
Total
Forward - 60:00
Defense - 60:00
|
Play-by-Play
1st period
0:01 of 1st period - Nicklas Backstrom wins face-off versus Sean Couturier in neutral zone.
0:26 of 1st period - Ryan Murray is hit by Devante Smith-Pelly and loses puck.
1:09 of 1st period - Jacob Slavin is hit by Patrik Nemeth and loses puck.
1:14 of 1st period - Snap shot by Artem Anisimov.
1:14 of 1st period - Shot Misses the Net.
1:18 of 1st period - Backhand shot by Artem Anisimov.
1:18 of 1st period - Stopped by Carey Price without a rebound.
1:19 of 1st period - Sean Couturier wins face-off versus Nicklas Backstrom in Blues zone.
1:32 of 1st period - Snap shot by Milan Lucic.
1:32 of 1st period - Stopped by Carey Price without a rebound.
1:33 of 1st period - Drew Shore wins face-off versus Patrice Bergeron in Blues zone.
1:48 of 1st period - Wrist shot by Drew Shore.
1:48 of 1st period - Stopped by Harru Sateri without a rebound.
1:49 of 1st period - Nicklas Backstrom wins face-off versus Sean Couturier in Rangers zone.
2:16 of 1st period - Matt Delahey is hit by Riley Sheahan and loses puck.
2:56 of 1st period - Minor Penalty to Drew Shore for Hooking.
2:57 of 1st period - Sean Couturier wins face-off versus Samuel Morin in Blues zone.
3:04 of 1st period - Slapshot by Ryan Strome.
3:04 of 1st period - Deflect By Sean Couturier.
3:04 of 1st period - Shot Misses the Net.
3:04 of 1st period - Puck is out of play.
3:05 of 1st period - Sean Couturier wins face-off versus Samuel Morin in Blues zone.
3:26 of 1st period - Snap shot by Milan Lucic.
3:26 of 1st period - Stopped by Carey Price without a rebound.
3:27 of 1st period - Patrice Bergeron wins face-off versus Samuel Morin in Blues zone.
4:17 of 1st period - Icing by Patrice Bergeron.
4:18 of 1st period - Patrice Bergeron wins face-off versus Riley Sheahan in Rangers zone.
4:39 of 1st period - Snap shot by Tyler Johnson.
4:39 of 1st period - Goal by Tyler Johnson - Blues : 1 - Rangers : 0.
4:40 of 1st period - Sean Couturier wins face-off versus Samuel Morin in neutral zone.
4:56 of 1st period - Penalty to Drew Shore is over, Drew Shore is back on ice.
5:15 of 1st period - Snap shot by Patrice Bergeron.
5:15 of 1st period - Shot Misses the Net.
5:17 of 1st period - Snap shot by Patrice Bergeron.
5:17 of 1st period - Deflect By Devante Smith-Pelly.
5:17 of 1st period - Shot Misses the Net.
5:17 of 1st period - Puck is out of play.
5:18 of 1st period - Sean Couturier wins face-off versus Nicklas Backstrom in Blues zone.
5:53 of 1st period - Snap shot by Tomas Hertl.
5:53 of 1st period - Stopped by Carey Price with a rebound.
5:55 of 1st period - Slapshot by T.J Galiardi.
5:55 of 1st period - Stopped by Carey Price with a rebound.
6:07 of 1st period - Wrist shot by Riley Sheahan.
6:07 of 1st period - Stopped by Harru Sateri without a rebound.
6:08 of 1st period - Patrice Bergeron wins face-off versus Devin Shore in Rangers zone.
6:08 of 1st period - Patrice Bergeron is hit by David Perron.
6:43 of 1st period - Snap shot by Ryan Strome.
6:43 of 1st period - Stopped by Carey Price with a rebound.
7:52 of 1st period - Icing by Devante Smith-Pelly.
7:53 of 1st period - Auston Matthews wins face-off versus Patrice Bergeron in Rangers zone.
7:58 of 1st period - Wrist shot by Anthony Mantha.
7:58 of 1st period - Shot Misses the Net.
8:15 of 1st period - Snap shot by Chris Bourque.
8:15 of 1st period - Shot Hit the Post.
8:31 of 1st period - Wrist shot by Patrice Bergeron.
8:31 of 1st period - Stopped by Carey Price with a rebound.
8:33 of 1st period - Snap shot by Luke Schenn.
8:33 of 1st period - Shot Misses the Net.
8:39 of 1st period - Snap shot by Chris Bourque.
8:39 of 1st period - Stopped by Carey Price without a rebound.
8:40 of 1st period - Sean Couturier wins face-off versus Nicklas Backstrom in Blues zone.
9:07 of 1st period - Steve Quailer is hit by Riley Sheahan and loses puck.
9:18 of 1st period - Slapshot by T.J Galiardi.
9:18 of 1st period - Shot Misses the Net.
9:36 of 1st period - Slapshot by Alex Pietrangelo.
9:36 of 1st period - Shot Blocked by Jonas Brodin.
9:38 of 1st period - Snap shot by Drew Shore.
9:38 of 1st period - Shot Misses the Net.
10:10 of 1st period - Cody Ceci is hit by Luke Schenn and loses puck.
10:25 of 1st period - Wrist shot by David Perron.
10:25 of 1st period - Stopped by Harru Sateri with a rebound.
10:27 of 1st period - Snap shot by Devin Shore.
10:27 of 1st period - Shot Blocked by Devante Smith-Pelly.
10:29 of 1st period - Snap shot by David Perron.
10:29 of 1st period - Shot Misses the Net.
10:31 of 1st period - Slapshot by Jacob Slavin.
10:31 of 1st period - Shot Misses the Net.
11:06 of 1st period - Ryan Strome is hit by Linus Omark and loses puck.
11:49 of 1st period - Snap shot by Devante Smith-Pelly.
11:49 of 1st period - Deflect By Patrice Bergeron.
11:49 of 1st period - Stopped by Carey Price without a rebound.
11:50 of 1st period - Devin Shore wins face-off versus Patrice Bergeron in Blues zone.
11:50 of 1st period - Devin Shore is hit by Chris Bourque.
12:19 of 1st period - Off-side.
12:20 of 1st period - Sean Couturier wins face-off versus Nicklas Backstrom in neutral zone.
12:22 of 1st period - Off-side.
12:23 of 1st period - Nicklas Backstrom wins face-off versus Sean Couturier in neutral zone.
12:28 of 1st period - Snap shot by Tyler Johnson.
12:28 of 1st period - Stopped by Harru Sateri with a rebound.
12:57 of 1st period - Snap shot by David Perron.
12:57 of 1st period - Stopped by Harru Sateri without a rebound.
12:58 of 1st period - Milan Lucic wins face-off versus Devin Shore in Rangers zone.
13:11 of 1st period - Snap shot by Sean Couturier.
13:11 of 1st period - Stopped by Carey Price without a rebound.
13:12 of 1st period - Sean Couturier wins face-off versus Nicklas Backstrom in Blues zone.
13:27 of 1st period - Snap shot by Tyler Johnson.
13:27 of 1st period - Shot Hit the Post.
13:39 of 1st period - Riley Sheahan is hit by Luke Schenn and loses puck.
14:06 of 1st period - Snap shot by Tomas Hertl.
14:06 of 1st period - Deflect By Jacob Slavin.
14:06 of 1st period - Stopped by Carey Price without a rebound.
14:07 of 1st period - Nicklas Backstrom wins face-off versus Tomas Hertl in Blues zone.
14:30 of 1st period - Minor Penalty to Matt Delahey for Holding.
14:31 of 1st period - Milan Lucic wins face-off versus Filip Forsberg in Rangers zone.
14:44 of 1st period - Slapshot by Sean Couturier.
14:44 of 1st period - Shot Misses the Net.
14:46 of 1st period - Slapshot by Luke Schenn.
14:46 of 1st period - Deflect By Nicklas Backstrom.
14:46 of 1st period - Stopped by Carey Price without a rebound.
14:47 of 1st period - Nicklas Backstrom wins face-off versus Milan Lucic in Blues zone.
14:58 of 1st period - Wrist shot by Filip Forsberg.
14:58 of 1st period - Goal by Filip Forsberg - Blues : 2 - Rangers : 0.
14:59 of 1st period - Sean Couturier wins face-off versus Tyler Johnson in neutral zone.
15:12 of 1st period - Wrist shot by Ryan Strome.
15:12 of 1st period - Shot Misses the Net.
15:33 of 1st period - Wrist shot by Devin Shore.
15:33 of 1st period - Shot Blocked by Luke Schenn.
15:35 of 1st period - Slapshot by Jacob Slavin.
15:35 of 1st period - Deflect By Riley Sheahan.
15:35 of 1st period - Stopped by Harru Sateri without a rebound.
15:36 of 1st period - Sean Couturier wins face-off versus Auston Matthews in Rangers zone.
15:43 of 1st period - Slapshot by Milan Lucic.
15:43 of 1st period - Shot Misses the Net.
15:45 of 1st period - Wrist shot by Milan Lucic.
15:45 of 1st period - Deflect By Ryan Strome.
15:45 of 1st period - Shot Misses the Net.
15:45 of 1st period - Puck is out of play.
15:46 of 1st period - Sean Couturier wins face-off versus Auston Matthews in Blues zone.
16:01 of 1st period - Slapshot by Ryan Strome.
16:01 of 1st period - Stopped by Carey Price with a rebound.
16:03 of 1st period - Snap shot by Milan Lucic.
16:03 of 1st period - Deflect By Sean Couturier.
16:03 of 1st period - Shot Blocked by Ryan Murray.
16:03 of 1st period - Puck is out of play.
16:04 of 1st period - Patrice Bergeron wins face-off versus Nicklas Backstrom in Blues zone.
16:55 of 1st period - Snap shot by Steve Quailer.
16:55 of 1st period - Stopped by Carey Price without a rebound.
16:56 of 1st period - Nicklas Backstrom wins face-off versus Patrice Bergeron in Blues zone.
16:56 of 1st period - Nicklas Backstrom is hit by Chris Bourque.
16:59 of 1st period - Minor Penalty to Tyler Johnson for Hooking.
17:00 of 1st period - Drew Shore wins face-off versus Sean Couturier in Blues zone.
17:08 of 1st period - Ryan Murray is hit by Sean Couturier and loses puck.
18:17 of 1st period - Chris Bourque is hit by David Perron and loses puck.
18:59 of 1st period - Penalty to Tyler Johnson is over, Tyler Johnson is back on ice.
Goals for this period are 2 for Blues vs 0 for Rangers.
Shots for this period are 8 for Blues vs 14 for Rangers.
2nd period
0:01 of 2nd period - Sean Couturier wins face-off versus Nicklas Backstrom in neutral zone.
1:31 of 2nd period - Drew Shore is hit by Jonas Brodin and loses puck.
1:50 of 2nd period - David Perron is hit by Devante Smith-Pelly and loses puck.
2:01 of 2nd period - Snap shot by Patrice Bergeron.
2:01 of 2nd period - Shot Blocked by David Perron.
2:39 of 2nd period - Snap shot by Anthony Mantha.
2:39 of 2nd period - Shot Hit the Post.
3:05 of 2nd period - Patrick Kaleta is hit by Dmitry Kulikov and loses puck.
3:39 of 2nd period - Snap shot by Patrick Kaleta.
3:39 of 2nd period - Shot Misses the Net.
3:41 of 2nd period - Wrist shot by Patrick Kaleta.
3:41 of 2nd period - Shot Misses the Net.
3:43 of 2nd period - Snap shot by Patrick Kaleta.
3:43 of 2nd period - Deflect By Dmitry Kulikov.
3:43 of 2nd period - Shot Blocked by Milan Lucic.
3:43 of 2nd period - Puck is out of play.
3:44 of 2nd period - Nicklas Backstrom wins face-off versus Patrice Bergeron in Rangers zone.
5:19 of 2nd period - Steve Quailer is hit by Drew Shore and loses puck.
5:46 of 2nd period - Richard Panik is hit by Ryan Murray and loses puck.
6:08 of 2nd period - Icing by Jacob Slavin.
6:09 of 2nd period - Sean Couturier wins face-off versus Devin Shore in Blues zone.
6:46 of 2nd period - Snap shot by Chris Bourque.
6:46 of 2nd period - Deflect By Devante Smith-Pelly.
6:46 of 2nd period - Shot Misses the Net.
6:46 of 2nd period - Puck is out of play.
6:47 of 2nd period - Sean Couturier wins face-off versus Auston Matthews in Blues zone.
7:14 of 2nd period - Ryan Murray is hit by Devante Smith-Pelly and loses puck.
7:21 of 2nd period - Snap shot by Chris Bourque.
7:21 of 2nd period - Stopped by Carey Price without a rebound.
7:22 of 2nd period - Nicklas Backstrom wins face-off versus Patrice Bergeron in Blues zone.
7:39 of 2nd period - Wrist shot by Nicklas Backstrom.
7:39 of 2nd period - Shot Blocked by Dmitry Kulikov.
7:49 of 2nd period - Luke Schenn is hit by Brandon Montour and loses puck.
7:54 of 2nd period - Backhand shot by Alex Pietrangelo.
7:54 of 2nd period - Stopped by Harru Sateri without a rebound.
7:55 of 2nd period - Linus Omark wins face-off versus Milan Lucic in Rangers zone.
8:04 of 2nd period - Snap shot by Anthony Mantha.
8:04 of 2nd period - Shot Misses the Net.
8:06 of 2nd period - Slapshot by Ryan Murray.
8:06 of 2nd period - Stopped by Harru Sateri with a rebound.
8:20 of 2nd period - Snap shot by Linus Omark.
8:20 of 2nd period - Stopped by Harru Sateri with a rebound.
8:28 of 2nd period - Wrist shot by Anthony Mantha.
8:28 of 2nd period - Stopped by Harru Sateri without a rebound.
8:29 of 2nd period - Patrice Bergeron wins face-off versus Nicklas Backstrom in Rangers zone.
9:25 of 2nd period - Magnus Paajarvi is hit by Cody Ceci.
9:43 of 2nd period - Linus Omark is hit by Milan Lucic and loses puck.
10:06 of 2nd period - Wrist shot by Patrice Bergeron.
10:06 of 2nd period - Stopped by Carey Price without a rebound.
10:07 of 2nd period - Nicklas Backstrom wins face-off versus Patrice Bergeron in Blues zone.
10:07 of 2nd period - Nicklas Backstrom is hit by Luke Schenn.
10:35 of 2nd period - Snap shot by Devante Smith-Pelly.
10:35 of 2nd period - Shot Misses the Net.
10:37 of 2nd period - Snap shot by Devante Smith-Pelly.
10:37 of 2nd period - Goal by Devante Smith-Pelly - Blues : 2 - Rangers : 1.
10:38 of 2nd period - Nicklas Backstrom wins face-off versus Sean Couturier in neutral zone.
11:06 of 2nd period - Slapshot by Alex Pietrangelo.
11:06 of 2nd period - Stopped by Harru Sateri with a rebound.
11:08 of 2nd period - Slapshot by Ryan Murray.
11:08 of 2nd period - Stopped by Harru Sateri without a rebound.
11:09 of 2nd period - Devin Shore wins face-off versus Patrice Bergeron in Rangers zone.
11:58 of 2nd period - Snap shot by David Perron.
11:58 of 2nd period - Shot Blocked by Patrice Bergeron.
12:00 of 2nd period - Slapshot by Ladislav Smid.
12:00 of 2nd period - Deflect By David Perron.
12:00 of 2nd period - Stopped by Harru Sateri without a rebound.
12:01 of 2nd period - Nicklas Backstrom wins face-off versus Sean Couturier in Rangers zone.
12:02 of 2nd period - Wrist shot by Filip Forsberg.
12:02 of 2nd period - Shot Misses the Net.
12:04 of 2nd period - Slapshot by Filip Forsberg.
12:04 of 2nd period - Shot Misses the Net.
12:06 of 2nd period - Slapshot by Brandon Montour.
12:06 of 2nd period - Shot Misses the Net.
12:08 of 2nd period - Snap shot by Tyler Johnson.
12:08 of 2nd period - Stopped by Harru Sateri with a rebound.
12:10 of 2nd period - Snap shot by Filip Forsberg.
12:10 of 2nd period - Shot Misses the Net.
12:21 of 2nd period - Minor Penalty to Dmitry Kulikov for Hooking.
12:22 of 2nd period - Filip Forsberg wins face-off versus Milan Lucic in Rangers zone.
12:38 of 2nd period - Snap shot by Nicklas Backstrom.
12:38 of 2nd period - Shot Misses the Net.
13:32 of 2nd period - Wrist shot by Chris Bourque.
13:32 of 2nd period - Stopped by Carey Price without a rebound.
13:33 of 2nd period - Nicklas Backstrom wins face-off versus Artem Anisimov in Blues zone.
13:54 of 2nd period - Snap shot by David Perron.
13:54 of 2nd period - Shot Misses the Net.
14:01 of 2nd period - Icing by Ryan Murray.
14:02 of 2nd period - Milan Lucic wins face-off versus Devin Shore in Blues zone.
14:05 of 2nd period - Snap shot by Sean Couturier.
14:05 of 2nd period - Shot Misses the Net.
14:21 of 2nd period - Penalty to Dmitry Kulikov is over, Dmitry Kulikov is back on ice.
15:22 of 2nd period - Snap shot by Riley Sheahan.
15:22 of 2nd period - Deflect By Devin Shore.
15:22 of 2nd period - Stopped by Harru Sateri with a rebound.
15:28 of 2nd period - Slapshot by Matt Delahey.
15:28 of 2nd period - Shot Blocked by Devin Shore.
15:42 of 2nd period - Wrist shot by Tyler Johnson.
15:42 of 2nd period - Shot Misses the Net.
15:44 of 2nd period - Snap shot by Tyler Johnson.
15:44 of 2nd period - Goal by Tyler Johnson - Blues : 3 - Rangers : 1.
15:45 of 2nd period - Sean Couturier wins face-off versus Nicklas Backstrom in neutral zone.
16:04 of 2nd period - Nicklas Backstrom is hit by Ryan Strome and loses puck.
16:17 of 2nd period - Riley Sheahan is hit by T.J Galiardi.
16:21 of 2nd period - Devin Shore is hit by Steve Quailer and loses puck.
17:15 of 2nd period - Wrist shot by T.J Galiardi.
17:15 of 2nd period - Stopped by Carey Price without a rebound.
17:16 of 2nd period - Sean Couturier wins face-off versus Nicklas Backstrom in Blues zone.
17:23 of 2nd period - Wrist shot by Sean Couturier.
17:23 of 2nd period - Shot Misses the Net.
17:25 of 2nd period - Snap shot by Sean Couturier.
17:25 of 2nd period - Shot Misses the Net.
17:27 of 2nd period - Snap shot by Sean Couturier.
17:27 of 2nd period - Shot Blocked by Jacob Slavin.
17:29 of 2nd period - Wrist shot by Ryan Strome.
17:29 of 2nd period - Shot Misses the Net.
17:31 of 2nd period - Slapshot by Milan Lucic.
17:31 of 2nd period - Stopped by Carey Price without a rebound.
17:32 of 2nd period - Patrice Bergeron wins face-off versus Auston Matthews in Blues zone.
18:06 of 2nd period - Slapshot by Jacob Slavin.
18:06 of 2nd period - Shot Blocked by Sean Couturier.
19:03 of 2nd period - Icing by Devin Shore.
19:04 of 2nd period - Devin Shore wins face-off versus Patrice Bergeron in Blues zone.
19:34 of 2nd period - Snap shot by Tomas Hertl.
19:34 of 2nd period - Deflect By T.J Galiardi.
19:34 of 2nd period - Shot Misses the Net.
19:34 of 2nd period - Puck is out of play.
19:35 of 2nd period - Tomas Hertl wins face-off versus Nicklas Backstrom in Blues zone.
19:40 of 2nd period - Wrist shot by T.J Galiardi.
19:40 of 2nd period - Shot Hit the Post.
19:42 of 2nd period - Snap shot by Steve Quailer.
19:42 of 2nd period - Stopped by Carey Price with a rebound.
19:50 of 2nd period - Snap shot by T.J Galiardi.
19:50 of 2nd period - Stopped by Carey Price without a rebound.
19:51 of 2nd period - Sean Couturier wins face-off versus Auston Matthews in Blues zone.
19:58 of 2nd period - Snap shot by Sean Couturier.
19:58 of 2nd period - Stopped by Carey Price with a rebound.
Goals for this period are 1 for Blues vs 1 for Rangers.
Shots for this period are 10 for Blues vs 9 for Rangers.
3rd period
0:01 of 3rd period - Nicklas Backstrom wins face-off versus Sean Couturier in neutral zone.
0:09 of 3rd period - Off-side.
0:10 of 3rd period - Nicklas Backstrom wins face-off versus Sean Couturier in neutral zone.
0:13 of 3rd period - Slapshot by Alex Pietrangelo.
0:13 of 3rd period - Deflect By Sean Couturier.
0:13 of 3rd period - Stopped by Harru Sateri with a rebound.
0:17 of 3rd period - Wrist shot by Tyler Johnson.
0:17 of 3rd period - Shot Misses the Net.
0:40 of 3rd period - Nicklas Backstrom is hit by Dmitry Kulikov and loses puck.
0:47 of 3rd period - Ryan Murray is hit by Milan Lucic and loses puck.
0:54 of 3rd period - Dmitry Kulikov is hit by Filip Forsberg and loses puck.
0:59 of 3rd period - Slapshot by Nicklas Backstrom.
0:59 of 3rd period - Shot Misses the Net.
1:01 of 3rd period - Wrist shot by Filip Forsberg.
1:01 of 3rd period - Shot Misses the Net.
1:03 of 3rd period - Wrist shot by Filip Forsberg.
1:03 of 3rd period - Deflect By Nicklas Backstrom.
1:03 of 3rd period - Stopped by Harru Sateri with a rebound.
1:05 of 3rd period - Slapshot by Tyler Johnson.
1:05 of 3rd period - Deflect By Nicklas Backstrom.
1:05 of 3rd period - Shot Misses the Net.
1:05 of 3rd period - Puck is out of play.
1:06 of 3rd period - Devin Shore wins face-off versus Patrice Bergeron in Rangers zone.
1:07 of 3rd period - Snap shot by Riley Sheahan.
1:07 of 3rd period - Goal by Riley Sheahan - Blues : 4 - Rangers : 1.
1:08 of 3rd period - Patrice Bergeron wins face-off versus Devin Shore in neutral zone.
1:25 of 3rd period - Snap shot by Devin Shore.
1:25 of 3rd period - Shot Misses the Net.
1:44 of 3rd period - Backhand shot by Linus Omark.
1:44 of 3rd period - Stopped by Harru Sateri with a rebound.
1:46 of 3rd period - Slapshot by Ryan Murray.
1:46 of 3rd period - Shot Blocked by Patrice Bergeron.
2:07 of 3rd period - Snap shot by Chris Bourque.
2:07 of 3rd period - Stopped by Carey Price with a rebound.
2:37 of 3rd period - Tyler Johnson is hit by Milan Lucic and loses puck.
4:54 of 3rd period - Slapshot by David Perron.
4:54 of 3rd period - Stopped by Harru Sateri with a rebound.
5:07 of 3rd period - Double Minor Penalty to Luke Schenn for High sticking.
5:08 of 3rd period - Milan Lucic wins face-off versus Nicklas Backstrom in Rangers zone.
5:38 of 3rd period - Snap shot by Riley Sheahan.
5:38 of 3rd period - Shot Hit the Post.
5:40 of 3rd period - Wrist shot by Riley Sheahan.
5:40 of 3rd period - Shot Misses the Net.
5:42 of 3rd period - Slapshot by Alex Pietrangelo.
5:42 of 3rd period - Stopped by Harru Sateri with a rebound.
6:57 of 3rd period - Icing by Tyler Johnson.
6:58 of 3rd period - Artem Anisimov wins face-off versus Nicklas Backstrom in Blues zone.
8:04 of 3rd period - Sean Couturier is hit by Jacob Slavin.
9:07 of 3rd period - Penalty to Luke Schenn is over, Luke Schenn is back on ice.
10:07 of 3rd period - Milan Lucic is hit by Devin Shore and loses puck.
11:42 of 3rd period - Tomas Hertl is hit by Linus Omark.
11:52 of 3rd period - Filip Forsberg is hit by Brett Ponich and loses puck.
12:01 of 3rd period - Magnus Paajarvi is hit by Nicklas Backstrom and loses puck.
12:12 of 3rd period - Devin Shore is hit by Patrice Bergeron and loses puck.
12:49 of 3rd period - Ryan Strome is hit by Alex Pietrangelo and loses puck.
13:19 of 3rd period - Snap shot by Richard Panik.
13:19 of 3rd period - Shot Blocked by Filip Forsberg.
13:56 of 3rd period - Drew Shore is hit by Matt Delahey and loses puck.
14:06 of 3rd period - Wrist shot by Artem Anisimov.
14:06 of 3rd period - Shot Misses the Net.
14:16 of 3rd period - Slapshot by Richard Panik.
14:16 of 3rd period - Goal by Richard Panik - Blues : 4 - Rangers : 2.
14:17 of 3rd period - Nicklas Backstrom wins face-off versus Sean Couturier in neutral zone.
15:38 of 3rd period - Icing by Milan Lucic.
15:39 of 3rd period - Sean Couturier wins face-off versus Tyler Johnson in Rangers zone.
15:39 of 3rd period - Sean Couturier is hit by Filip Forsberg.
15:49 of 3rd period - Nicklas Backstrom is hit by Brett Ponich.
15:58 of 3rd period - Cody Ceci is hit by Brett Ponich and loses puck.
16:03 of 3rd period - Wrist shot by Ryan Strome.
16:03 of 3rd period - Stopped by Carey Price without a rebound.
16:04 of 3rd period - Auston Matthews wins face-off versus Tomas Hertl in Blues zone.
16:04 of 3rd period - Auston Matthews is hit by T.J Galiardi.
16:15 of 3rd period - Minor Penalty to T.J Galiardi for Hooking.
16:16 of 3rd period - Nicklas Backstrom wins face-off versus Milan Lucic in Rangers zone.
16:21 of 3rd period - Backhand shot by Alex Pietrangelo.
16:21 of 3rd period - Shot Misses the Net.
16:23 of 3rd period - Slapshot by Tyler Johnson.
16:23 of 3rd period - Stopped by Harru Sateri without a rebound.
16:24 of 3rd period - Milan Lucic wins face-off versus Nicklas Backstrom in Rangers zone.
16:39 of 3rd period - Wrist shot by Sean Couturier.
16:39 of 3rd period - Stopped by Carey Price without a rebound.
16:40 of 3rd period - Nicklas Backstrom wins face-off versus Milan Lucic in Blues zone.
17:15 of 3rd period - Slapshot by Alex Pietrangelo.
17:15 of 3rd period - Stopped by Harru Sateri with a rebound.
17:17 of 3rd period - Slapshot by Alex Pietrangelo.
17:17 of 3rd period - Stopped by Harru Sateri without a rebound.
17:18 of 3rd period - Patrice Bergeron wins face-off versus Devin Shore in Rangers zone.
17:54 of 3rd period - Slapshot by Ryan Murray.
17:54 of 3rd period - Stopped by Harru Sateri without a rebound.
17:55 of 3rd period - Filip Forsberg wins face-off versus Milan Lucic in Rangers zone.
18:15 of 3rd period - Penalty to T.J Galiardi is over, T.J Galiardi is back on ice.
18:32 of 3rd period - Minor Penalty to Linus Omark for Cross-checking.
18:33 of 3rd period - Patrice Bergeron wins face-off versus Drew Shore in Blues zone.
Goals for this period are 1 for Blues vs 1 for Rangers.
Shots for this period are 10 for Blues vs 4 for Rangers.